[ AOE2 MATCH · #511752809 ]
UnrankedMalay vs Burgundians
[ REPLAY ANALYSIS · EXTRACTED FROM THE RECORDED GAME ]
Feudal
8:48
Castle
21:35
Imperial
—
| APM avg | 87.8 |
| APM peak | 165 |
| eAPM avg | 48.8 |
| Villagers / military | 152 / 127 |
Focus
⚔️ 53.8% · 🌾 46.2%
Archer ×121 · Skirmisher ×6
Feudal
11:45
Castle
15:26
Imperial
34:27
| APM avg | 79.9 |
| APM peak | 132 |
| eAPM avg | 40.1 |
| Villagers / military | 151 / 188 |
Focus
⚔️ 61.1% · 🌾 38.9%
Spearman ×86 · Knight ×71 · Scout Cavalry ×15 · Monk ×6 · Trebuchet (Packed) ×6 · Scorpion ×3
Feudal
10:30
Castle
14:05
Imperial
31:02
| APM avg | 79.4 |
| APM peak | 125 |
| eAPM avg | 50.0 |
| Villagers / military | 182 / 55 |
Focus
⚔️ 46.8% · 🌾 53.2%
Spearman ×30 · Hand Cannoneer ×11 · Bombard Cannon ×7 · Mangonel ×3 · Trebuchet (Packed) ×3 · Monk ×1
Feudal
10:30
Castle
14:04
Imperial
27:08
| APM avg | 62.1 |
| APM peak | 126 |
| eAPM avg | 41.2 |
| Villagers / military | 281 / 252 |
Focus
⚔️ 42.8% · 🌾 57.2%
Knight ×241 · Trebuchet (Packed) ×7 · Monk ×2 · Battering Ram ×2
Feudal
11:22
Castle
14:52
Imperial
30:14
| APM avg | 63.8 |
| APM peak | 118 |
| eAPM avg | 34.7 |
| Villagers / military | 148 / 215 |
Focus
⚔️ 44.7% · 🌾 55.3%
Knight ×206 · Scout Cavalry ×6 · Monk ×3
Feudal
12:10
Castle
15:40
Imperial
19:40
| APM avg | 60.1 |
| APM peak | 126 |
| eAPM avg | 25.8 |
| Villagers / military | 164 / 39 |
Focus
⚔️ 30.7% · 🌾 69.3%
Bombard Cannon ×32 · Cavalry Archer ×6 · Monk ×1
Feudal
10:56
Castle
14:45
Imperial
—
| APM avg | 74.4 |
| APM peak | 132 |
| eAPM avg | 25.6 |
| Villagers / military | 110 / 119 |
Focus
⚔️ 45.0% · 🌾 55.0%
Arambai ×119
Feudal
8:26
Castle
21:25
Imperial
32:11
| APM avg | 46.7 |
| APM peak | 80 |
| eAPM avg | 23.6 |
| Villagers / military | 98 / 31 |
Focus
⚔️ 33.2% · 🌾 66.8%
Obuch ×16 · Archer ×13 · Mangonel ×2
Match map
Initial resources + every placement click. Lines = walls · curves = elevation contours. ◆ gold · ⬟ stone · ● berries · ✦ relic · ◌ wall gap
Your base· ✓ Closed at 21:35 · 0t walls · 3 gate(s)
wR.ACCM's base· ✓ Closed at 15:26 · 0t walls · 2 gate(s)
wR.Sebastian's base· ✓ Closed at 14:05 · 26t walls · 2 gate(s)
wR.Monoz's base· ✓ Closed at 14:04 · 0t walls · 3 gate(s)
CNZS_Melody's base· ✓ Closed at 14:52 · 0t walls · 2 gate(s)
CNZS_Donghaidi's base· ✓ Closed at 15:40 · 0t walls · 3 gate(s)
CNZS_Bad Koala's base· ✓ Closed at 14:45 · 19t walls · 2 gate(s)
CNZS_98T's base· ✓ Closed at 21:26 · 0t walls · 3 gate(s)
Smoothed initial terrain · ◌ = detected wall gap · hover for details
Inputs per minute
— wR.Nicov - - wR.ACCM
Build order — wR.Nicov
First 150 of 467 actions detected
| 0:00 | Queue | Villager (Male) |
| 0:01 | Queue | Villager (Male) |
| 0:01 | Queue | Villager (Male) |
| 0:01 | Queue | Villager (Male) |
| 0:02 | Build | House |
| 0:03 | Build | House |
| 1:26 | Queue | Villager (Male) |
| 1:26 | Queue | Villager (Male) |
| 1:26 | Queue | Villager (Male) |
| 1:54 | Build | Lumber Camp |
| 2:01 | Queue | Villager (Male) |
| 2:02 | Queue | Villager (Male) |
| 2:13 | Queue | Villager (Male) |
| 2:13 | Queue | Villager (Male) |
| 2:13 | Queue | Villager (Male) |
| 2:34 | Queue | Villager (Male) |
| 3:05 | Queue | Villager (Male) |
| 3:05 | Queue | Villager (Male) |
| 3:23 | Build | House |
| 3:27 | Queue | Villager (Male) |
| 3:27 | Queue | Villager (Male) |
| 3:52 | Queue | Villager (Male) |
| 3:52 | Queue | Villager (Male) |
| 3:53 | Queue | Villager (Male) |
| 4:37 | Queue | Villager (Male) |
| 4:37 | Queue | Villager (Male) |
| 4:49 | Build | Mill |
| 5:33 | Queue | Villager (Male) |
| 5:36 | Build | House |
| 5:39 | Build | House |
| 5:52 | Queue | Villager (Male) |
| 6:27 | Build | Barracks |
| 6:28 | Queue | Villager (Male) |
| 6:37 | Queue | Villager (Male) |
| 7:20 | Research | Feudal Age |
| 7:44 | Build | Mining Camp |
| 8:06 | Queue | Villager (Male) |
| 8:48 | Age | Feudal Age |
| 8:50 | Build | Watch Tower |
| 8:52 | Build | Archery Range |
| 8:55 | Queue | Villager (Male) |
| 9:07 | Research | Double-Bit Axe |
| 9:07 | Research | Double-Bit Axe |
| 9:12 | Queue | Villager (Male) |
| 9:44 | Queue | Archer |
| 9:44 | Queue | Archer |
| 9:48 | Queue | Villager (Male) |
| 9:58 | Queue | Villager (Male) |
| 10:05 | Queue | Archer |
| 10:06 | Queue | Villager (Male) |
| 10:06 | Queue | Villager (Male) |
| 10:06 | Queue | Villager (Male) |
| 10:13 | Build | Blacksmith |
| 10:32 | Queue | Archer |
| 10:52 | Build | Mining Camp |
| 11:00 | Research | Loom |
| 11:02 | Research | Fletching |
| 11:02 | Research | Fletching |
| 11:08 | Research | Loom |
| 11:12 | Queue | Villager (Male) |
| 11:12 | Queue | Villager (Male) |
| 11:44 | Queue | Villager (Male) |
| 11:48 | Queue | Archer |
| 11:48 | Queue | Archer |
| 11:53 | Build | Farm |
| 12:19 | Build | Watch Tower |
| 12:23 | Queue | Villager (Male) |
| 12:33 | Queue | Villager (Male) |
| 12:35 | Build | House |
| 12:38 | Queue | Archer |
| 12:57 | Queue | Villager (Male) |
| 12:59 | Build | House |
| 13:09 | Queue | Archer |
| 13:11 | Queue | Villager (Male) |
| 13:21 | Queue | Archer |
| 13:28 | Queue | Villager (Male) |
| 13:40 | Queue | Villager (Male) |
| 13:42 | Build | Farm |
| 13:46 | Build | Farm |
| 13:47 | Build | Farm |
| 13:48 | Build | Farm |
| 13:59 | Queue | Villager (Male) |
| 14:03 | Queue | Archer |
| 14:09 | Queue | Villager (Male) |
| 14:15 | Build | Farm |
| 14:27 | Queue | Villager (Male) |
| 14:41 | Queue | Archer |
| 14:45 | Queue | Villager (Male) |
| 14:48 | Build | Farm |
| 14:50 | Build | Farm |
| 14:53 | Build | Farm |
| 14:54 | Build | Farm |
| 15:06 | Build | House |
| 15:06 | Queue | Villager (Male) |
| 15:22 | Build | Watch Tower |
| 15:30 | Build | House |
| 15:32 | Queue | Villager (Male) |
| 15:34 | Research | Horse Collar |
| 15:44 | Queue | Archer |
| 15:46 | Queue | Villager (Male) |
| 15:50 | Build | House |
| 15:56 | Build | Farm |
| 15:57 | Build | Farm |
| 15:57 | Queue | Villager (Male) |
| 15:59 | Build | Farm |
| 16:19 | Queue | Villager (Male) |
| 16:23 | Build | Farm |
| 16:25 | Build | House |
| 16:26 | Build | House |
| 16:26 | Build | House |
| 16:27 | Queue | Villager (Male) |
| 17:05 | Build | Market |
| 17:08 | Queue | Archer |
| 17:19 | Build | Farm |
| 17:23 | Build | Farm |
| 17:23 | Queue | Archer |
| 17:26 | Queue | Villager (Male) |
| 17:55 | Build | Watch Tower |
| 17:59 | Build | Watch Tower |
| 18:13 | Queue | Villager (Male) |
| 18:15 | Build | Farm |
| 18:16 | Build | Farm |
| 18:18 | Build | House |
| 18:35 | Build | Farm |
| 18:37 | Build | Lumber Camp |
| 18:37 | Queue | Villager (Male) |
| 19:00 | Queue | Villager (Male) |
| 19:02 | Queue | Villager (Male) |
| 19:21 | Build | Farm |
| 19:26 | Queue | Archer |
| 19:57 | Build | Archery Range |
| 19:59 | Research | Castle Age |
| 20:00 | Research | Castle Age |
| 20:12 | Queue | Archer |
| 20:23 | Build | Watch Tower |
| 20:27 | Research | Gold Mining |
| 20:29 | Queue | Archer |
| 20:40 | Queue | Archer |
| 21:03 | Build | Farm |
| 21:04 | Queue | Archer |
| 21:17 | Build | Watch Tower |
| 21:32 | Queue | Archer |
| 21:35 | Age | Castle Age |
| 21:37 | Research | Bodkin Arrow |
| 21:43 | Research | Crossbowman (upgrade) |
| 21:43 | Research | Crossbowman (upgrade) |
| 21:43 | Research | Crossbowman (upgrade) |
| 21:43 | Queue | Villager (Male) |
| 21:54 | Queue | Villager (Male) |
| 21:57 | Queue | Archer |
Build order — wR.ACCM
First 150 of 536 actions detected
| 0:00 | Queue | Villager (Male) |
| 0:01 | Queue | Villager (Male) |
| 0:02 | Build | House |
| 0:03 | Build | House |
| 0:09 | Queue | Villager (Male) |
| 0:09 | Queue | Villager (Male) |
| 0:10 | Queue | Villager (Male) |
| 1:22 | Queue | Villager (Male) |
| 1:23 | Queue | Villager (Male) |
| 1:57 | Build | Lumber Camp |
| 2:03 | Queue | Villager (Male) |
| 2:03 | Queue | Villager (Male) |
| 2:45 | Queue | Villager (Male) |
| 2:45 | Queue | Villager (Male) |
| 3:00 | Queue | Villager (Male) |
| 3:31 | Queue | Villager (Male) |
| 3:49 | Build | House |
| 3:56 | Queue | Villager (Male) |
| 3:56 | Queue | Villager (Male) |
| 4:01 | Build | Mill |
| 4:15 | Queue | Villager (Male) |
| 4:15 | Queue | Villager (Male) |
| 4:42 | Queue | Villager (Male) |
| 4:42 | Queue | Villager (Male) |
| 4:43 | Build | House |
| 5:12 | Queue | Villager (Male) |
| 5:12 | Queue | Villager (Male) |
| 5:33 | Queue | Villager (Male) |
| 5:33 | Queue | Villager (Male) |
| 5:51 | Queue | Villager (Male) |
| 5:52 | Queue | Villager (Male) |
| 6:15 | Queue | Villager (Male) |
| 6:52 | Queue | Villager (Male) |
| 7:18 | Build | Farm |
| 7:21 | Build | Lumber Camp |
| 7:32 | Queue | Villager (Male) |
| 7:34 | Build | House |
| 8:12 | Queue | Villager (Male) |
| 8:16 | Build | Farm |
| 8:18 | Build | Farm |
| 8:22 | Queue | Villager (Male) |
| 9:10 | Queue | Villager (Male) |
| 9:15 | Build | Farm |
| 9:18 | Build | Mining Camp |
| 9:20 | Research | Feudal Age |
| 9:20 | Research | Feudal Age |
| 9:41 | Queue | Villager (Male) |
| 9:56 | Build | Barracks |
| 11:45 | Age | Feudal Age |
| 11:51 | Build | Stable |
| 11:55 | Build | Market |
| 11:57 | Queue | Villager (Male) |
| 12:21 | Research | Double-Bit Axe |
| 12:43 | Build | Farm |
| 12:46 | Research | Castle Age |
| 12:46 | Research | Castle Age |
| 12:48 | Research | Horse Collar |
| 12:51 | Build | Farm |
| 12:53 | Build | Farm |
| 12:55 | Build | Farm |
| 13:11 | Build | Farm |
| 13:13 | Queue | Scout Cavalry |
| 13:28 | Build | Farm |
| 13:34 | Queue | Scout Cavalry |
| 13:43 | Queue | Villager (Male) |
| 13:54 | Build | Farm |
| 14:04 | Queue | Scout Cavalry |
| 14:25 | Queue | Villager (Male) |
| 15:00 | Build | Farm |
| 15:26 | Age | Castle Age |
| 15:30 | Research | Husbandry |
| 15:30 | Research | Husbandry |
| 15:30 | Queue | Villager (Male) |
| 15:33 | Build | Town Center |
| 15:33 | Research | Bow Saw |
| 15:50 | Research | Light Cavalry (upgrade) |
| 15:50 | Research | Light Cavalry (upgrade) |
| 15:52 | Queue | Villager (Male) |
| 15:53 | Build | Farm |
| 15:55 | Build | Monastery |
| 16:12 | Build | Farm |
| 16:12 | Build | Farm |
| 16:26 | Queue | Scout Cavalry |
| 16:28 | Queue | Villager (Male) |
| 16:29 | Build | Farm |
| 16:44 | Queue | Monk |
| 16:46 | Queue | Villager (Male) |
| 16:47 | Build | Farm |
| 16:49 | Build | House |
| 16:59 | Build | Farm |
| 17:04 | Queue | Scout Cavalry |
| 17:10 | Queue | Villager (Male) |
| 17:15 | Build | Farm |
| 17:15 | Queue | Villager (Male) |
| 17:15 | Queue | Villager (Male) |
| 17:29 | Build | Farm |
| 17:30 | Build | Farm |
| 17:31 | Queue | Villager (Male) |
| 17:41 | Queue | Villager (Male) |
| 17:52 | Queue | Villager (Male) |
| 17:55 | Queue | Villager (Male) |
| 18:03 | Build | Farm |
| 18:07 | Queue | Monk |
| 18:12 | Queue | Villager (Male) |
| 18:20 | Queue | Villager (Male) |
| 18:24 | Queue | Villager (Male) |
| 18:35 | Queue | Villager (Male) |
| 18:40 | Build | Town Center |
| 18:42 | Build | Farm |
| 18:53 | Queue | Villager (Male) |
| 18:55 | Build | Farm |
| 18:56 | Build | House |
| 19:04 | Queue | Villager (Male) |
| 19:07 | Build | House |
| 19:08 | Build | House |
| 19:14 | Build | Farm |
| 19:15 | Build | Farm |
| 19:22 | Research | Wheelbarrow |
| 19:30 | Build | Farm |
| 19:48 | Queue | Villager (Male) |
| 19:50 | Queue | Knight |
| 19:52 | Build | Stable |
| 19:55 | Research | Gold Mining |
| 19:55 | Research | Gold Mining |
| 19:56 | Queue | Villager (Male) |
| 20:00 | Queue | Villager (Male) |
| 20:00 | Queue | Villager (Male) |
| 20:06 | Queue | Villager (Male) |
| 20:13 | Build | House |
| 20:15 | Build | House |
| 20:15 | Build | House |
| 20:20 | Queue | Villager (Male) |
| 20:30 | Queue | Villager (Male) |
| 20:32 | Build | Farm |
| 20:33 | Build | Farm |
| 20:37 | Queue | Villager (Male) |
| 20:39 | Build | Blacksmith |
| 20:49 | Queue | Villager (Male) |
| 21:02 | Queue | Villager (Male) |
| 21:06 | Research | Bloodlines |
| 21:07 | Research | Bloodlines |
| 21:07 | Queue | Villager (Male) |
| 21:11 | Build | Farm |
| 21:20 | Build | Stable |
| 21:23 | Research | Scale Barding Armor |
| 21:24 | Research | Scale Barding Armor |
| 21:24 | Queue | Villager (Male) |
| 21:28 | Queue | Villager (Male) |
| 21:36 | Build | Farm |
| 21:37 | Build | Farm |
Build order — wR.Sebastian
First 150 of 435 actions detected
| 0:00 | Queue | Villager (Male) |
| 0:01 | Build | House |
| 0:03 | Build | House |
| 0:03 | Queue | Villager (Male) |
| 0:11 | Queue | Villager (Male) |
| 0:19 | Queue | Villager (Male) |
| 1:25 | Queue | Villager (Male) |
| 1:43 | Build | Lumber Camp |
| 1:57 | Queue | Villager (Male) |
| 1:57 | Queue | Villager (Male) |
| 2:17 | Queue | Villager (Male) |
| 2:43 | Queue | Villager (Male) |
| 3:00 | Build | House |
| 3:01 | Build | House |
| 3:09 | Queue | Villager (Male) |
| 3:44 | Queue | Villager (Male) |
| 4:08 | Queue | Villager (Male) |
| 4:15 | Build | Mill |
| 4:20 | Queue | Villager (Male) |
| 4:55 | Queue | Villager (Male) |
| 5:15 | Queue | Villager (Male) |
| 5:28 | Queue | Villager (Male) |
| 5:49 | Queue | Villager (Male) |
| 6:30 | Queue | Villager (Male) |
| 6:54 | Queue | Villager (Male) |
| 6:59 | Build | House |
| 7:08 | Build | Mining Camp |
| 7:27 | Queue | Villager (Male) |
| 7:43 | Queue | Villager (Male) |
| 7:58 | Build | Farm |
| 8:02 | Build | Farm |
| 8:07 | Research | Feudal Age |
| 8:08 | Research | Feudal Age |
| 8:34 | Build | Palisade Wall |
| 8:36 | Build | Palisade Wall |
| 8:41 | Build | Palisade Wall |
| 8:51 | Queue | Villager (Male) |
| 8:54 | Research | Loom |
| 9:29 | Build | Palisade Wall |
| 9:29 | Build | Palisade Wall |
| 9:43 | Queue | Villager (Male) |
| 9:48 | Build | Palisade Wall |
| 9:49 | Build | Palisade Wall |
| 9:49 | Build | Palisade Wall |
| 9:50 | Build | Palisade Wall |
| 10:30 | Age | Feudal Age |
| 10:36 | Build | Market |
| 10:38 | Build | Blacksmith |
| 10:48 | Build | Watch Tower |
| 11:06 | Build | Stone Wall |
| 11:12 | Build | House |
| 11:25 | Research | Castle Age |
| 11:25 | Research | Castle Age |
| 11:56 | Research | Double-Bit Axe |
| 12:20 | Build | Farm |
| 12:35 | Queue | Villager (Male) |
| 12:39 | Build | House |
| 12:58 | Build | Farm |
| 13:10 | Research | Horse Collar |
| 13:10 | Research | Horse Collar |
| 13:10 | Research | Horse Collar |
| 13:23 | Build | Farm |
| 13:32 | Build | Stone Wall |
| 13:39 | Build | Stone Wall |
| 13:56 | Queue | Villager (Male) |
| 14:05 | Age | Castle Age |
| 14:08 | Build | Siege Workshop |
| 14:14 | Queue | Villager (Male) |
| 14:16 | Build | Farm |
| 14:41 | Queue | Mangonel |
| 14:45 | Build | Farm |
| 14:45 | Build | Farm |
| 14:47 | Queue | Villager (Male) |
| 14:56 | Queue | Villager (Male) |
| 15:16 | Build | Farm |
| 15:30 | Queue | Mangonel |
| 15:39 | Build | Stone Wall |
| 15:55 | Queue | Villager (Male) |
| 16:03 | Build | Stone Wall |
| 16:06 | Queue | Villager (Male) |
| 16:17 | Queue | Mangonel |
| 16:20 | Queue | Villager (Male) |
| 16:21 | Build | House |
| 16:28 | Queue | Villager (Male) |
| 16:30 | Queue | Villager (Male) |
| 16:30 | Queue | Villager (Male) |
| 16:49 | Queue | Villager (Male) |
| 16:57 | Queue | Villager (Male) |
| 17:29 | Queue | Villager (Male) |
| 17:35 | Build | House |
| 17:41 | Queue | Villager (Male) |
| 17:50 | Research | Bow Saw |
| 17:50 | Research | Bow Saw |
| 17:57 | Queue | Villager (Male) |
| 17:59 | Queue | Villager (Male) |
| 18:01 | Build | Palisade Wall |
| 18:06 | Build | Palisade Wall |
| 18:14 | Build | Palisade Wall |
| 18:18 | Build | Palisade Wall |
| 18:21 | Build | House |
| 18:27 | Build | Palisade Wall |
| 18:28 | Queue | Villager (Male) |
| 18:28 | Queue | Villager (Male) |
| 18:29 | Build | Farm |
| 18:29 | Build | Farm |
| 18:41 | Queue | Villager (Male) |
| 19:06 | Build | House |
| 19:07 | Build | House |
| 19:16 | Build | Palisade Wall |
| 19:17 | Build | House |
| 19:20 | Queue | Villager (Male) |
| 19:22 | Queue | Villager (Male) |
| 19:36 | Build | Market |
| 19:44 | Build | Palisade Wall |
| 19:48 | Queue | Villager (Male) |
| 19:57 | Build | Town Center |
| 20:03 | Queue | Villager (Male) |
| 20:33 | Queue | Villager (Male) |
| 20:40 | Build | Gate |
| 20:49 | Queue | Villager (Male) |
| 20:49 | Queue | Villager (Male) |
| 20:53 | Build | Town Center |
| 20:56 | Build | Town Center |
| 21:08 | Build | Monastery |
| 21:12 | Queue | Villager (Male) |
| 21:24 | Research | Wheelbarrow |
| 21:26 | Queue | Villager (Male) |
| 21:28 | Build | House |
| 21:28 | Build | House |
| 21:28 | Build | House |
| 21:29 | Build | House |
| 21:42 | Build | Farm |
| 21:43 | Queue | Villager (Male) |
| 21:53 | Queue | Villager (Male) |
| 21:57 | Research | Fervor |
| 22:01 | Queue | Villager (Male) |
| 22:11 | Queue | Villager (Male) |
| 22:14 | Build | Farm |
| 22:14 | Build | Farm |
| 22:16 | Build | Farm |
| 22:21 | Queue | Monk |
| 22:29 | Queue | Villager (Male) |
| 22:31 | Build | Farm |
| 22:42 | Queue | Villager (Male) |
| 23:05 | Queue | Villager (Male) |
| 23:05 | Queue | Villager (Male) |
| 23:13 | Queue | Villager (Male) |
| 23:18 | Queue | Villager (Male) |
| 23:23 | Queue | Villager (Male) |
| 23:24 | Build | Farm |
Build order — wR.Monoz
First 150 of 610 actions detected
| 0:01 | Queue | Villager (Male) |
| 0:01 | Queue | Villager (Male) |
| 0:01 | Queue | Villager (Male) |
| 0:02 | Build | House |
| 0:03 | Build | House |
| 0:05 | Queue | Villager (Male) |
| 0:05 | Queue | Villager (Male) |
| 1:26 | Queue | Villager (Male) |
| 1:26 | Queue | Villager (Male) |
| 1:51 | Build | Lumber Camp |
| 1:54 | Queue | Villager (Male) |
| 1:54 | Queue | Villager (Male) |
| 2:13 | Queue | Villager (Male) |
| 2:14 | Queue | Villager (Male) |
| 2:14 | Queue | Villager (Male) |
| 2:35 | Queue | Villager (Male) |
| 2:35 | Queue | Villager (Male) |
| 2:54 | Queue | Villager (Male) |
| 2:54 | Queue | Villager (Male) |
| 3:06 | Build | House |
| 3:06 | Build | House |
| 3:08 | Build | House |
| 3:08 | Build | House |
| 3:40 | Queue | Villager (Male) |
| 3:42 | Queue | Villager (Male) |
| 3:43 | Queue | Villager (Male) |
| 4:08 | Queue | Villager (Male) |
| 4:09 | Queue | Villager (Male) |
| 4:17 | Build | Mill |
| 4:25 | Queue | Villager (Male) |
| 5:19 | Queue | Villager (Male) |
| 5:23 | Queue | Villager (Male) |
| 6:09 | Queue | Villager (Male) |
| 6:13 | Build | Farm |
| 6:14 | Build | Farm |
| 6:21 | Queue | Villager (Male) |
| 6:21 | Queue | Villager (Male) |
| 6:40 | Build | Farm |
| 6:41 | Build | Farm |
| 6:57 | Queue | Villager (Male) |
| 6:58 | Queue | Villager (Male) |
| 7:18 | Queue | Villager (Male) |
| 7:53 | Queue | Villager (Male) |
| 7:57 | Build | Farm |
| 8:07 | Research | Feudal Age |
| 8:11 | Queue | Villager (Male) |
| 8:11 | Queue | Villager (Male) |
| 8:19 | Queue | Villager (Male) |
| 9:05 | Build | Farm |
| 9:24 | Build | Farm |
| 10:30 | Age | Feudal Age |
| 10:33 | Build | Market |
| 10:36 | Build | Blacksmith |
| 10:39 | Build | Blacksmith |
| 10:40 | Research | Double-Bit Axe |
| 11:24 | Research | Castle Age |
| 11:25 | Research | Castle Age |
| 11:25 | Research | Castle Age |
| 11:30 | Build | House |
| 11:30 | Build | House |
| 11:51 | Research | Horse Collar |
| 11:51 | Research | Horse Collar |
| 13:19 | Queue | Villager (Male) |
| 13:53 | Queue | Villager (Male) |
| 14:04 | Age | Castle Age |
| 14:07 | Build | Town Center |
| 14:09 | Build | Town Center |
| 14:17 | Research | Bow Saw |
| 14:17 | Research | Bow Saw |
| 14:34 | Queue | Villager (Male) |
| 14:53 | Build | Farm |
| 14:57 | Build | Farm |
| 15:00 | Build | House |
| 15:01 | Build | House |
| 15:09 | Queue | Villager (Male) |
| 15:12 | Build | Farm |
| 15:19 | Queue | Villager (Male) |
| 15:22 | Queue | Villager (Male) |
| 15:24 | Queue | Villager (Male) |
| 15:24 | Queue | Villager (Male) |
| 15:29 | Queue | Villager (Male) |
| 15:30 | Research | Heavy Plow |
| 15:30 | Research | Heavy Plow |
| 15:30 | Queue | Villager (Male) |
| 15:30 | Queue | Villager (Male) |
| 15:31 | Queue | Villager (Male) |
| 15:31 | Queue | Villager (Male) |
| 15:31 | Queue | Villager (Male) |
| 15:38 | Build | Farm |
| 15:50 | Queue | Villager (Male) |
| 15:51 | Queue | Villager (Male) |
| 15:51 | Queue | Villager (Male) |
| 15:53 | Build | Farm |
| 15:54 | Build | Farm |
| 15:57 | Queue | Villager (Male) |
| 15:57 | Queue | Villager (Male) |
| 15:58 | Queue | Villager (Male) |
| 15:59 | Build | Farm |
| 16:06 | Build | Farm |
| 16:08 | Queue | Villager (Male) |
| 16:08 | Queue | Villager (Male) |
| 16:11 | Build | Farm |
| 16:21 | Build | Farm |
| 16:21 | Queue | Villager (Male) |
| 16:21 | Queue | Villager (Male) |
| 16:22 | Build | House |
| 16:23 | Build | House |
| 16:29 | Build | Farm |
| 16:33 | Build | Farm |
| 16:36 | Queue | Villager (Male) |
| 16:36 | Queue | Villager (Male) |
| 16:49 | Queue | Villager (Male) |
| 16:49 | Queue | Villager (Male) |
| 16:49 | Queue | Villager (Male) |
| 16:51 | Build | Mining Camp |
| 16:54 | Queue | Villager (Male) |
| 16:54 | Queue | Villager (Male) |
| 16:57 | Build | Farm |
| 17:04 | Build | House |
| 17:11 | Queue | Villager (Male) |
| 17:11 | Queue | Villager (Male) |
| 17:12 | Build | Farm |
| 17:13 | Build | Farm |
| 17:20 | Queue | Villager (Male) |
| 17:20 | Queue | Villager (Male) |
| 17:21 | Queue | Villager (Male) |
| 17:21 | Build | Farm |
| 17:29 | Queue | Villager (Male) |
| 17:29 | Queue | Villager (Male) |
| 17:29 | Queue | Villager (Male) |
| 17:33 | Queue | Villager (Male) |
| 17:33 | Queue | Villager (Male) |
| 17:33 | Queue | Villager (Male) |
| 17:37 | Build | Farm |
| 17:39 | Build | Farm |
| 17:40 | Queue | Villager (Male) |
| 17:40 | Queue | Villager (Male) |
| 17:43 | Build | House |
| 17:47 | Queue | Villager (Male) |
| 17:47 | Queue | Villager (Male) |
| 17:48 | Queue | Villager (Male) |
| 17:50 | Build | Farm |
| 17:51 | Build | Farm |
| 17:59 | Research | Wheelbarrow |
| 17:59 | Queue | Villager (Male) |
| 18:06 | Queue | Villager (Male) |
| 18:06 | Queue | Villager (Male) |
| 18:06 | Queue | Villager (Male) |
| 18:11 | Build | Farm |
| 18:13 | Build | Farm |
Build order — CNZS_Melody
First 150 of 463 actions detected
| 0:00 | Queue | Villager (Male) |
| 0:01 | Queue | Villager (Male) |
| 0:01 | Queue | Villager (Male) |
| 0:02 | Build | House |
| 0:03 | Build | House |
| 0:03 | Queue | Villager (Male) |
| 1:10 | Queue | Villager (Male) |
| 1:40 | Queue | Villager (Male) |
| 1:50 | Build | Lumber Camp |
| 1:59 | Queue | Villager (Male) |
| 2:25 | Queue | Villager (Male) |
| 2:25 | Queue | Villager (Male) |
| 2:32 | Queue | Villager (Male) |
| 2:33 | Research | Double-Bit Axe |
| 2:53 | Queue | Villager (Male) |
| 2:53 | Queue | Villager (Male) |
| 3:12 | Queue | Villager (Male) |
| 3:33 | Build | House |
| 3:44 | Queue | Villager (Male) |
| 4:01 | Build | House |
| 4:02 | Queue | Villager (Male) |
| 4:31 | Build | House |
| 4:34 | Queue | Villager (Male) |
| 4:34 | Queue | Villager (Male) |
| 4:37 | Queue | Villager (Male) |
| 4:44 | Build | Mill |
| 5:02 | Queue | Villager (Male) |
| 5:03 | Queue | Villager (Male) |
| 5:11 | Queue | Villager (Male) |
| 5:36 | Research | Horse Collar |
| 5:36 | Research | Horse Collar |
| 5:47 | Queue | Villager (Male) |
| 6:05 | Queue | Villager (Male) |
| 6:06 | Queue | Villager (Male) |
| 6:20 | Build | Farm |
| 6:40 | Queue | Villager (Male) |
| 7:09 | Build | Farm |
| 7:10 | Queue | Villager (Male) |
| 7:27 | Build | Farm |
| 7:29 | Queue | Villager (Male) |
| 7:33 | Build | Farm |
| 7:55 | Queue | Villager (Male) |
| 7:58 | Build | Farm |
| 8:23 | Queue | Villager (Male) |
| 8:49 | Research | Feudal Age |
| 8:51 | Build | Mining Camp |
| 9:13 | Queue | Villager (Male) |
| 9:58 | Queue | Villager (Male) |
| 10:25 | Build | Barracks |
| 11:22 | Age | Feudal Age |
| 11:23 | Build | Blacksmith |
| 11:25 | Build | Stable |
| 11:47 | Build | Farm |
| 11:52 | Build | House |
| 11:53 | Build | House |
| 11:58 | Build | House |
| 11:59 | Build | House |
| 12:08 | Research | Castle Age |
| 12:08 | Research | Castle Age |
| 12:15 | Research | Bow Saw |
| 12:15 | Research | Bow Saw |
| 12:33 | Build | Farm |
| 12:38 | Queue | Scout Cavalry |
| 12:48 | Build | House |
| 13:11 | Research | Heavy Plow |
| 13:11 | Research | Heavy Plow |
| 13:12 | Queue | Scout Cavalry |
| 13:12 | Queue | Scout Cavalry |
| 13:30 | Build | Farm |
| 13:33 | Queue | Scout Cavalry |
| 13:39 | Build | Farm |
| 13:52 | Queue | Scout Cavalry |
| 14:00 | Build | Farm |
| 14:27 | Queue | Villager (Male) |
| 14:52 | Age | Castle Age |
| 14:52 | Research | Light Cavalry (upgrade) |
| 14:52 | Research | Light Cavalry (upgrade) |
| 14:57 | Queue | Villager (Male) |
| 15:06 | Build | Town Center |
| 15:11 | Research | Scale Barding Armor |
| 15:16 | Queue | Villager (Male) |
| 15:17 | Build | Farm |
| 15:19 | Build | Farm |
| 15:47 | Queue | Villager (Male) |
| 15:54 | Build | Farm |
| 16:09 | Queue | Villager (Male) |
| 16:12 | Research | Husbandry |
| 16:12 | Research | Husbandry |
| 16:21 | Build | Farm |
| 16:38 | Queue | Villager (Male) |
| 16:38 | Queue | Villager (Male) |
| 16:42 | Queue | Villager (Male) |
| 16:58 | Queue | Villager (Male) |
| 17:03 | Build | Town Center |
| 17:09 | Queue | Villager (Male) |
| 17:13 | Research | Wheelbarrow |
| 17:13 | Research | Wheelbarrow |
| 17:18 | Queue | Villager (Male) |
| 17:24 | Build | Farm |
| 17:33 | Build | Farm |
| 17:34 | Queue | Villager (Male) |
| 17:40 | Queue | Knight |
| 17:43 | Queue | Villager (Male) |
| 17:46 | Build | Farm |
| 17:57 | Build | House |
| 17:58 | Build | House |
| 18:08 | Queue | Villager (Male) |
| 18:13 | Queue | Villager (Male) |
| 18:15 | Queue | Scout Cavalry |
| 18:19 | Build | Farm |
| 18:20 | Build | Farm |
| 18:28 | Queue | Villager (Male) |
| 18:35 | Build | House |
| 18:35 | Build | House |
| 18:38 | Queue | Villager (Male) |
| 18:38 | Queue | Villager (Male) |
| 18:50 | Queue | Villager (Male) |
| 18:58 | Queue | Villager (Male) |
| 18:58 | Queue | Villager (Male) |
| 18:59 | Build | Monastery |
| 19:01 | Build | Monastery |
| 19:14 | Queue | Villager (Male) |
| 19:27 | Queue | Villager (Male) |
| 19:30 | Queue | Villager (Male) |
| 19:31 | Build | Farm |
| 19:32 | Build | Farm |
| 19:32 | Queue | Villager (Male) |
| 19:34 | Build | Farm |
| 19:35 | Build | Farm |
| 19:36 | Build | Farm |
| 19:38 | Queue | Villager (Male) |
| 19:47 | Queue | Monk |
| 19:51 | Queue | Villager (Male) |
| 19:52 | Build | House |
| 19:53 | Build | House |
| 19:56 | Queue | Knight |
| 20:00 | Queue | Villager (Male) |
| 20:09 | Queue | Villager (Male) |
| 20:16 | Queue | Villager (Male) |
| 20:17 | Queue | Villager (Male) |
| 20:32 | Queue | Villager (Male) |
| 20:40 | Queue | Villager (Male) |
| 20:47 | Queue | Villager (Male) |
| 20:51 | Queue | Villager (Male) |
| 20:51 | Queue | Villager (Male) |
| 20:53 | Build | House |
| 20:53 | Build | House |
| 20:54 | Build | House |
| 20:58 | Research | Gold Mining |
| 21:02 | Build | Farm |
Build order — CNZS_Donghaidi
First 150 of 370 actions detected
| 0:00 | Queue | Villager (Male) |
| 0:01 | Queue | Villager (Male) |
| 0:01 | Queue | Villager (Male) |
| 0:01 | Queue | Villager (Male) |
| 0:02 | Queue | Villager (Male) |
| 0:02 | Build | House |
| 0:03 | Build | House |
| 1:22 | Queue | Villager (Male) |
| 1:22 | Queue | Villager (Male) |
| 1:50 | Build | Lumber Camp |
| 1:54 | Queue | Villager (Male) |
| 1:54 | Queue | Villager (Male) |
| 2:22 | Queue | Villager (Male) |
| 2:23 | Queue | Villager (Male) |
| 3:07 | Queue | Villager (Male) |
| 3:07 | Queue | Villager (Male) |
| 3:19 | Queue | Villager (Male) |
| 3:19 | Queue | Villager (Male) |
| 3:20 | Queue | Villager (Male) |
| 3:24 | Build | House |
| 3:48 | Build | House |
| 4:06 | Queue | Villager (Male) |
| 4:06 | Queue | Villager (Male) |
| 4:08 | Build | Mill |
| 4:20 | Build | House |
| 4:29 | Queue | Villager (Male) |
| 5:08 | Queue | Villager (Male) |
| 5:08 | Queue | Villager (Male) |
| 5:20 | Queue | Villager (Male) |
| 5:44 | Queue | Villager (Male) |
| 5:52 | Build | Farm |
| 5:53 | Queue | Villager (Male) |
| 5:54 | Build | Farm |
| 6:32 | Queue | Villager (Male) |
| 6:49 | Queue | Villager (Male) |
| 6:49 | Queue | Villager (Male) |
| 6:53 | Build | Farm |
| 6:55 | Build | Farm |
| 7:03 | Queue | Villager (Male) |
| 7:03 | Queue | Villager (Male) |
| 7:05 | Queue | Villager (Male) |
| 7:06 | Queue | Villager (Male) |
| 7:21 | Build | Farm |
| 7:24 | Queue | Villager (Male) |
| 7:47 | Queue | Villager (Male) |
| 8:06 | Build | Farm |
| 8:30 | Build | Farm |
| 8:49 | Build | House |
| 9:19 | Queue | Villager (Male) |
| 9:24 | Build | House |
| 9:35 | Research | Feudal Age |
| 9:45 | Build | Mining Camp |
| 10:48 | Queue | Villager (Male) |
| 11:35 | Queue | Villager (Male) |
| 12:10 | Age | Feudal Age |
| 12:12 | Build | Blacksmith |
| 12:21 | Build | Market |
| 12:31 | Research | Loom |
| 12:57 | Research | Castle Age |
| 13:16 | Research | Double-Bit Axe |
| 13:59 | Queue | Villager (Male) |
| 15:40 | Age | Castle Age |
| 15:43 | Build | Monastery |
| 15:52 | Build | Siege Workshop |
| 16:04 | Queue | Villager (Male) |
| 16:29 | Research | Imperial Age |
| 16:29 | Research | Imperial Age |
| 16:29 | Research | Imperial Age |
| 16:32 | Queue | Monk |
| 16:54 | Build | Farm |
| 16:55 | Build | Farm |
| 17:54 | Research | Bow Saw |
| 17:55 | Build | Lumber Camp |
| 18:28 | Queue | Villager (Male) |
| 18:55 | Build | Siege Workshop |
| 19:40 | Age | Imperial Age |
| 19:40 | Build | Siege Workshop |
| 19:45 | Queue | Bombard Cannon |
| 19:47 | Queue | Villager (Male) |
| 20:11 | Queue | Villager (Male) |
| 20:12 | Build | Farm |
| 20:12 | Build | Farm |
| 20:24 | Queue | Villager (Male) |
| 20:25 | Queue | Bombard Cannon |
| 20:31 | Queue | Bombard Cannon |
| 20:34 | Queue | Villager (Male) |
| 20:54 | Build | Stone Wall |
| 21:06 | Queue | Bombard Cannon |
| 21:11 | Queue | Villager (Male) |
| 21:19 | Build | Siege Workshop |
| 21:23 | Build | House |
| 21:26 | Build | House |
| 21:27 | Build | House |
| 21:39 | Queue | Bombard Cannon |
| 21:45 | Queue | Villager (Male) |
| 21:55 | Build | House |
| 22:11 | Build | House |
| 22:15 | Queue | Bombard Cannon |
| 22:15 | Queue | Bombard Cannon |
| 22:15 | Queue | Bombard Cannon |
| 22:18 | Queue | Villager (Male) |
| 22:25 | Queue | Villager (Male) |
| 22:35 | Build | House |
| 23:08 | Build | Palisade Gate |
| 23:10 | Build | Palisade Wall |
| 23:12 | Build | House |
| 23:14 | Queue | Villager (Male) |
| 23:16 | Build | House |
| 23:19 | Queue | Bombard Cannon |
| 23:19 | Queue | Bombard Cannon |
| 23:34 | Queue | Bombard Cannon |
| 23:34 | Queue | Bombard Cannon |
| 23:36 | Queue | Villager (Male) |
| 23:48 | Build | House |
| 23:49 | Build | House |
| 23:50 | Build | House |
| 23:52 | Build | Farm |
| 23:52 | Build | Farm |
| 23:55 | Queue | Villager (Male) |
| 24:13 | Build | Mining Camp |
| 24:16 | Queue | Bombard Cannon |
| 24:17 | Queue | Bombard Cannon |
| 24:22 | Queue | Villager (Male) |
| 24:52 | Build | Town Center |
| 24:58 | Queue | Villager (Male) |
| 25:20 | Queue | Villager (Male) |
| 25:22 | Queue | Bombard Cannon |
| 25:22 | Queue | Bombard Cannon |
| 25:53 | Queue | Villager (Male) |
| 25:54 | Build | Farm |
| 26:14 | Queue | Villager (Male) |
| 26:23 | Queue | Villager (Male) |
| 26:29 | Queue | Bombard Cannon |
| 26:30 | Queue | Bombard Cannon |
| 26:30 | Queue | Bombard Cannon |
| 26:37 | Queue | Villager (Male) |
| 26:43 | Build | Farm |
| 26:43 | Build | Farm |
| 26:43 | Build | Farm |
| 26:44 | Build | Farm |
| 26:44 | Build | Farm |
| 26:55 | Queue | Villager (Male) |
| 27:02 | Queue | Villager (Male) |
| 27:02 | Queue | Villager (Male) |
| 27:08 | Queue | Villager (Male) |
| 27:08 | Queue | Villager (Male) |
| 27:09 | Build | Farm |
| 27:10 | Build | Farm |
| 27:37 | Queue | Villager (Male) |
| 27:46 | Queue | Villager (Male) |
Build order — CNZS_Bad Koala
First 150 of 306 actions detected
| 0:02 | Queue | Villager (Male) |
| 0:02 | Build | House |
| 0:05 | Build | House |
| 0:14 | Queue | Villager (Male) |
| 0:14 | Queue | Villager (Male) |
| 0:15 | Queue | Villager (Male) |
| 0:15 | Queue | Villager (Male) |
| 1:24 | Queue | Villager (Male) |
| 1:50 | Build | Lumber Camp |
| 2:01 | Queue | Villager (Male) |
| 2:01 | Queue | Villager (Male) |
| 2:14 | Queue | Villager (Male) |
| 2:14 | Queue | Villager (Male) |
| 2:45 | Queue | Villager (Male) |
| 2:59 | Queue | Villager (Male) |
| 2:59 | Queue | Villager (Male) |
| 3:25 | Build | House |
| 3:33 | Queue | Villager (Male) |
| 3:33 | Queue | Villager (Male) |
| 3:41 | Build | House |
| 3:46 | Queue | Villager (Male) |
| 3:47 | Queue | Villager (Male) |
| 4:13 | Build | Mill |
| 4:21 | Queue | Villager (Male) |
| 4:21 | Queue | Villager (Male) |
| 4:50 | Queue | Villager (Male) |
| 4:50 | Queue | Villager (Male) |
| 5:12 | Queue | Villager (Male) |
| 5:12 | Queue | Villager (Male) |
| 5:13 | Queue | Villager (Male) |
| 5:42 | Queue | Villager (Male) |
| 6:30 | Queue | Villager (Male) |
| 6:39 | Research | Loom |
| 6:52 | Build | Mining Camp |
| 6:55 | Queue | Villager (Male) |
| 7:00 | Research | Loom |
| 7:45 | Queue | Villager (Male) |
| 7:45 | Queue | Villager (Male) |
| 8:32 | Build | Mining Camp |
| 8:41 | Research | Feudal Age |
| 8:41 | Research | Feudal Age |
| 9:13 | Build | House |
| 9:23 | Build | Palisade Wall |
| 10:17 | Queue | Villager (Male) |
| 10:17 | Queue | Villager (Male) |
| 10:24 | Build | Palisade Wall |
| 10:28 | Build | Palisade Wall |
| 10:34 | Queue | Villager (Male) |
| 10:50 | Build | Palisade Wall |
| 10:56 | Age | Feudal Age |
| 11:00 | Build | Market |
| 11:02 | Build | Blacksmith |
| 11:12 | Queue | Villager (Male) |
| 11:14 | Build | Palisade Wall |
| 11:42 | Build | Watch Tower |
| 12:03 | Build | House |
| 12:05 | Research | Castle Age |
| 12:05 | Research | Castle Age |
| 12:17 | Build | Palisade Wall |
| 12:48 | Build | Stone Wall |
| 12:49 | Build | Stone Wall |
| 13:02 | Build | Stone Wall |
| 13:41 | Queue | Villager (Male) |
| 13:52 | Build | Farm |
| 14:07 | Build | Farm |
| 14:09 | Queue | Villager (Male) |
| 14:12 | Build | Farm |
| 14:38 | Queue | Villager (Male) |
| 14:45 | Age | Castle Age |
| 14:48 | Build | Stone Wall |
| 14:50 | Build | Stone Wall |
| 14:52 | Build | Castle |
| 15:12 | Build | Farm |
| 15:15 | Build | Farm |
| 15:51 | Build | Mining Camp |
| 15:54 | Build | Lumber Camp |
| 15:56 | Queue | Arambai |
| 15:56 | Queue | Arambai |
| 15:57 | Queue | Arambai |
| 16:04 | Build | Farm |
| 16:10 | Queue | Villager (Male) |
| 16:10 | Queue | Villager (Male) |
| 16:45 | Queue | Villager (Male) |
| 16:51 | Build | Stone Wall |
| 16:56 | Queue | Arambai |
| 16:56 | Queue | Arambai |
| 17:10 | Queue | Arambai |
| 17:10 | Queue | Arambai |
| 17:13 | Queue | Villager (Male) |
| 17:39 | Queue | Arambai |
| 17:39 | Queue | Arambai |
| 17:41 | Queue | Villager (Male) |
| 17:41 | Queue | Villager (Male) |
| 17:41 | Queue | Villager (Male) |
| 17:59 | Queue | Arambai |
| 17:59 | Queue | Arambai |
| 18:05 | Queue | Villager (Male) |
| 18:05 | Queue | Villager (Male) |
| 18:17 | Queue | Arambai |
| 18:17 | Queue | Arambai |
| 18:31 | Build | Farm |
| 18:32 | Queue | Arambai |
| 18:32 | Queue | Arambai |
| 18:32 | Queue | Arambai |
| 18:34 | Queue | Villager (Male) |
| 18:49 | Build | House |
| 18:49 | Queue | Arambai |
| 18:50 | Queue | Arambai |
| 19:09 | Queue | Arambai |
| 19:09 | Queue | Arambai |
| 19:09 | Queue | Villager (Male) |
| 19:17 | Queue | Villager (Male) |
| 19:22 | Build | Barracks |
| 19:25 | Build | House |
| 19:26 | Build | House |
| 19:27 | Build | House |
| 19:38 | Queue | Arambai |
| 19:38 | Queue | Villager (Male) |
| 19:55 | Queue | Arambai |
| 20:08 | Queue | Arambai |
| 20:08 | Queue | Arambai |
| 20:27 | Queue | Villager (Male) |
| 20:29 | Queue | Arambai |
| 20:30 | Queue | Villager (Male) |
| 20:53 | Build | Stable |
| 21:15 | Queue | Villager (Male) |
| 21:16 | Queue | Arambai |
| 21:37 | Queue | Arambai |
| 21:45 | Queue | Arambai |
| 21:49 | Build | House |
| 21:50 | Build | House |
| 21:53 | Queue | Villager (Male) |
| 22:02 | Queue | Arambai |
| 22:04 | Queue | Villager (Male) |
| 22:05 | Queue | Villager (Male) |
| 22:29 | Research | Bloodlines |
| 22:29 | Research | Bloodlines |
| 22:32 | Research | Padded Archer Armor |
| 22:32 | Research | Padded Archer Armor |
| 22:32 | Queue | Arambai |
| 22:33 | Queue | Arambai |
| 22:35 | Build | House |
| 22:59 | Queue | Arambai |
| 23:01 | Queue | Villager (Male) |
| 23:16 | Build | House |
| 23:20 | Queue | Arambai |
| 23:24 | Queue | Villager (Male) |
| 23:24 | Queue | Villager (Male) |
| 23:41 | Queue | Arambai |
| 23:50 | Queue | Villager (Male) |
Build order — CNZS_98T
First 150 of 255 actions detected
| 0:01 | Queue | Villager (Male) |
| 0:01 | Queue | Villager (Male) |
| 0:02 | Queue | Villager (Male) |
| 0:02 | Queue | Villager (Male) |
| 0:02 | Queue | Villager (Male) |
| 0:04 | Build | House |
| 0:07 | Build | House |
| 1:29 | Queue | Villager (Male) |
| 1:29 | Queue | Villager (Male) |
| 1:47 | Queue | Villager (Male) |
| 1:54 | Build | Lumber Camp |
| 2:26 | Queue | Villager (Male) |
| 2:27 | Queue | Villager (Male) |
| 2:45 | Queue | Villager (Male) |
| 2:46 | Queue | Villager (Male) |
| 3:09 | Queue | Villager (Male) |
| 3:09 | Queue | Villager (Male) |
| 3:41 | Queue | Villager (Male) |
| 3:42 | Queue | Villager (Male) |
| 3:42 | Queue | Villager (Male) |
| 4:26 | Queue | Villager (Male) |
| 4:26 | Queue | Villager (Male) |
| 4:27 | Queue | Villager (Male) |
| 4:32 | Build | House |
| 4:34 | Research | Loom |
| 4:41 | Queue | Villager (Male) |
| 4:44 | Build | Mill |
| 4:49 | Queue | Villager (Male) |
| 5:22 | Queue | Villager (Male) |
| 6:10 | Research | Feudal Age |
| 6:10 | Research | Feudal Age |
| 6:37 | Build | Mining Camp |
| 7:24 | Build | House |
| 7:36 | Queue | Villager (Male) |
| 7:37 | Queue | Villager (Male) |
| 8:08 | Queue | Villager (Male) |
| 8:26 | Age | Feudal Age |
| 8:27 | Build | Watch Tower |
| 8:39 | Research | Double-Bit Axe |
| 8:40 | Research | Double-Bit Axe |
| 8:56 | Queue | Villager (Male) |
| 9:23 | Queue | Villager (Male) |
| 9:35 | Research | Horse Collar |
| 9:35 | Research | Horse Collar |
| 10:01 | Queue | Villager (Male) |
| 10:22 | Build | Farm |
| 10:28 | Queue | Villager (Male) |
| 10:36 | Build | Watch Tower |
| 10:47 | Queue | Villager (Male) |
| 11:00 | Build | Farm |
| 11:05 | Queue | Villager (Male) |
| 11:24 | Build | Watch Tower |
| 11:26 | Queue | Villager (Male) |
| 11:34 | Queue | Villager (Male) |
| 11:59 | Build | House |
| 12:01 | Queue | Villager (Male) |
| 12:30 | Build | Blacksmith |
| 12:31 | Queue | Villager (Male) |
| 13:25 | Research | Fletching |
| 13:25 | Queue | Villager (Male) |
| 13:30 | Build | House |
| 13:45 | Queue | Villager (Male) |
| 13:59 | Queue | Villager (Male) |
| 14:05 | Build | Farm |
| 14:40 | Queue | Villager (Male) |
| 14:43 | Build | Farm |
| 14:54 | Build | Watch Tower |
| 14:57 | Queue | Villager (Male) |
| 15:17 | Queue | Villager (Male) |
| 15:19 | Build | Mining Camp |
| 15:46 | Queue | Villager (Male) |
| 15:53 | Build | Farm |
| 15:56 | Build | Farm |
| 15:57 | Queue | Villager (Male) |
| 16:29 | Build | Market |
| 16:35 | Build | Farm |
| 16:55 | Queue | Villager (Male) |
| 17:08 | Queue | Villager (Male) |
| 17:27 | Build | Watch Tower |
| 17:36 | Queue | Villager (Male) |
| 17:48 | Build | House |
| 17:51 | Research | Town Watch |
| 18:14 | Build | Mining Camp |
| 18:28 | Build | Farm |
| 18:46 | Research | Castle Age |
| 20:36 | Build | Outpost |
| 21:25 | Age | Castle Age |
| 21:27 | Queue | Villager (Male) |
| 21:32 | Queue | Villager (Male) |
| 21:50 | Build | Lumber Camp |
| 21:57 | Queue | Villager (Male) |
| 22:21 | Build | House |
| 22:22 | Queue | Villager (Male) |
| 22:46 | Queue | Villager (Male) |
| 23:11 | Build | Market |
| 23:15 | Build | Castle |
| 23:21 | Queue | Villager (Male) |
| 23:29 | Build | Mining Camp |
| 23:33 | Build | Siege Workshop |
| 23:37 | Queue | Villager (Male) |
| 23:42 | Build | Mill |
| 24:07 | Queue | Mangonel |
| 24:12 | Build | Town Center |
| 24:13 | Queue | Villager (Male) |
| 24:25 | Research | Bow Saw |
| 24:27 | Queue | Villager (Male) |
| 24:41 | Queue | Villager (Male) |
| 25:08 | Queue | Villager (Male) |
| 25:09 | Queue | Villager (Male) |
| 25:15 | Build | University |
| 25:20 | Queue | Villager (Male) |
| 25:30 | Queue | Villager (Male) |
| 25:52 | Queue | Villager (Male) |
| 25:56 | Build | Farm |
| 26:04 | Queue | Villager (Male) |
| 26:41 | Queue | Villager (Male) |
| 26:42 | Queue | Villager (Male) |
| 27:04 | Build | Castle |
| 27:12 | Queue | Mangonel |
| 27:14 | Queue | Villager (Male) |
| 27:22 | Build | Farm |
| 27:23 | Build | Farm |
| 27:23 | Build | Farm |
| 27:33 | Queue | Villager (Male) |
| 28:02 | Queue | Villager (Male) |
| 28:19 | Build | House |
| 28:38 | Build | Farm |
| 28:39 | Build | Farm |
| 28:40 | Build | Farm |
| 29:01 | Research | Imperial Age |
| 29:02 | Research | Imperial Age |
| 29:04 | Build | Farm |
| 29:15 | Queue | Villager (Male) |
| 29:35 | Research | Heavy Plow |
| 29:35 | Research | Heavy Plow |
| 29:40 | Queue | Villager (Male) |
| 29:47 | Build | Mill |
| 29:50 | Queue | Villager (Male) |
| 29:54 | Build | Lumber Camp |
| 30:06 | Research | Wheelbarrow |
| 30:06 | Research | Wheelbarrow |
| 30:16 | Queue | Villager (Male) |
| 30:17 | Queue | Obuch |
| 30:17 | Queue | Obuch |
| 30:18 | Queue | Obuch |
| 30:28 | Build | Farm |
| 30:30 | Build | Farm |
| 30:32 | Build | Farm |
| 30:35 | Queue | Villager (Male) |
| 30:36 | Queue | Obuch |
Match timeline
| 6:27 | wR.Nicov · first_building Barracks |
| 8:26 | CNZS_98T · age_up feudal |
| 8:34 | wR.Sebastian · wall_segment Palisade Wall x3 |
| 8:36 | wR.Sebastian · wall_segment Palisade Wall x5 |
| 8:41 | wR.Sebastian · wall_segment Palisade Wall x5 |
| 8:48 | wR.Nicov · age_up feudal |
| 8:52 | wR.Nicov · first_building Archery Range |
| 9:23 | CNZS_Bad Koala · wall_segment Palisade Wall x4 |
| 9:29 | wR.Sebastian · wall_segment Palisade Wall x1 |
| 9:29 | wR.Sebastian · wall_segment Palisade Wall x1 |
| 9:48 | wR.Sebastian · wall_segment Palisade Wall x1 |
| 9:49 | wR.Sebastian · wall_segment Palisade Wall x1 |
| 9:49 | wR.Sebastian · wall_segment Palisade Wall x1 |
| 9:50 | wR.Sebastian · wall_segment Palisade Wall x1 |
| 9:56 | wR.ACCM · first_building Barracks |
| 10:24 | CNZS_Bad Koala · wall_segment Palisade Wall x3 |
| 10:25 | CNZS_Melody · first_building Barracks |
| 10:28 | CNZS_Bad Koala · wall_segment Palisade Wall x1 |
| 10:30 | wR.Sebastian · age_up feudal |
| 10:30 | wR.Monoz · age_up feudal |
| 10:50 | CNZS_Bad Koala · wall_segment Palisade Wall x1 |
| 10:56 | CNZS_Bad Koala · age_up feudal |
| 11:06 | wR.Sebastian · wall_segment Stone Wall x1 |
| 11:14 | CNZS_Bad Koala · wall_segment Palisade Wall x1 |
| 11:22 | CNZS_Melody · age_up feudal |
| 11:24 | wR.Monoz · first_market_sell 100 wood |
| 11:25 | CNZS_Melody · first_building Stable |
| 11:45 | wR.ACCM · age_up feudal |
| 11:51 | wR.ACCM · first_building Stable |
| 12:10 | CNZS_Donghaidi · age_up feudal |
| 12:17 | CNZS_Bad Koala · wall_segment Palisade Wall x1 |
| 12:48 | CNZS_Bad Koala · wall_segment Stone Wall x5 |
| 12:49 | CNZS_Bad Koala · wall_segment Stone Wall x4 |
| 13:02 | CNZS_Bad Koala · wall_segment Stone Wall x1 |
| 13:21 | CNZS_Donghaidi · first_market_buy 100 food |
| 13:32 | wR.Sebastian · wall_segment Stone Wall x4 |
| 13:39 | wR.Sebastian · wall_segment Stone Wall x2 |
| 14:04 | wR.Monoz · age_up castle |
| 14:05 | wR.Sebastian · age_up castle |
| 14:08 | wR.Sebastian · first_building Siege Workshop |
| 14:37 | wR.Sebastian · first_market_buy 100 food |
| 14:37 | CNZS_Bad Koala · first_market_buy 100 stone |
| 14:45 | CNZS_Bad Koala · age_up castle |
| 14:48 | CNZS_Bad Koala · wall_segment Stone Wall x1 |
| 14:50 | CNZS_Bad Koala · wall_segment Stone Wall x1 |
| 14:52 | CNZS_Melody · age_up castle |
| 14:52 | CNZS_Bad Koala · first_building Castle |
| 15:26 | wR.ACCM · age_up castle |
| 15:39 | wR.Sebastian · wall_segment Stone Wall x1 |
| 15:40 | CNZS_Donghaidi · age_up castle |
| 15:43 | CNZS_Donghaidi · first_building Monastery |
| 15:52 | CNZS_Donghaidi · first_building Siege Workshop |
| 15:55 | wR.ACCM · first_building Monastery |
| 16:03 | wR.Sebastian · wall_segment Stone Wall x1 |
| 16:51 | CNZS_Bad Koala · wall_segment Stone Wall x1 |
| 18:01 | wR.Sebastian · wall_segment Palisade Wall x1 |
| 18:06 | wR.Sebastian · wall_segment Palisade Wall x1 |
| 18:14 | wR.Sebastian · wall_segment Palisade Wall x1 |
| 18:18 | wR.Sebastian · wall_segment Palisade Wall x1 |
| 18:20 | CNZS_98T · first_market_buy 100 food |
| 18:27 | wR.Sebastian · wall_segment Palisade Wall x1 |
| 18:45 | CNZS_98T · first_market_sell 100 wood |
| 18:59 | CNZS_Melody · first_building Monastery |
| 19:16 | wR.Sebastian · wall_segment Palisade Wall x1 |
| 19:22 | CNZS_Bad Koala · first_building Barracks |
| 19:40 | CNZS_Donghaidi · age_up imperial |
| 19:44 | wR.Sebastian · wall_segment Palisade Wall x1 |
| 20:53 | CNZS_Bad Koala · first_building Stable |
| 20:54 | CNZS_Donghaidi · wall_segment Stone Wall x1 |
| 21:08 | wR.Sebastian · first_building Monastery |
| 21:25 | CNZS_98T · age_up castle |
| 21:35 | wR.Nicov · age_up castle |
| 22:25 | wR.Monoz · first_building Monastery |
| 22:28 | CNZS_Bad Koala · first_market_sell 100 stone |
| 22:57 | wR.Monoz · first_building Siege Workshop |
| 22:58 | wR.Nicov · wall_segment Palisade Wall x1 |
| 23:10 | CNZS_Donghaidi · wall_segment Palisade Wall x1 |
| 23:15 | CNZS_98T · first_building Castle |
| 23:33 | CNZS_98T · first_building Siege Workshop |
| 23:55 | wR.Monoz · first_building Barracks |
| 24:05 | wR.Sebastian · wall_segment Stone Wall x1 |
| 24:23 | CNZS_Bad Koala · wall_segment Stone Wall x1 |
| 24:44 | wR.Monoz · wall_segment Stone Wall x6 |
| 24:46 | wR.Monoz · wall_segment Stone Wall x1 |
| 24:48 | wR.Monoz · wall_segment Stone Wall x19 |
| 24:55 | wR.Monoz · first_building Stable |
| 25:48 | wR.Monoz · first_market_buy 100 stone |
| 25:51 | wR.Monoz · first_building Castle |
| 25:57 | CNZS_Melody · first_building Castle |
| 27:08 | wR.Monoz · age_up imperial |
| 27:44 | wR.Sebastian · first_market_sell 500 wood |
| 27:44 | wR.ACCM · first_market_sell 100 wood |
| 28:06 | wR.Sebastian · wall_segment Palisade Wall x1 |
| 28:23 | wR.Sebastian · wall_segment Stone Wall x1 |
| 29:47 | wR.Sebastian · first_building Barracks |
| 30:14 | CNZS_Melody · age_up imperial |
| 30:23 | CNZS_Melody · first_market_sell 100 food |
| 31:02 | wR.Sebastian · age_up imperial |
| 31:21 | CNZS_98T · wall_segment Stone Wall x1 |
| 31:24 | CNZS_98T · wall_segment Stone Wall x1 |
| 31:25 | CNZS_98T · wall_segment Stone Wall x1 |
| 31:28 | CNZS_98T · wall_segment Stone Wall x1 |
| 31:29 | CNZS_98T · wall_segment Stone Wall x1 |
| 31:30 | wR.Sebastian · first_building Castle |
| 31:31 | CNZS_98T · wall_segment Stone Wall x1 |
| 31:36 | CNZS_98T · wall_segment Stone Wall x1 |
| 31:37 | CNZS_98T · wall_segment Stone Wall x1 |
| 31:38 | CNZS_98T · wall_segment Stone Wall x1 |
| 31:40 | CNZS_98T · wall_segment Stone Wall x1 |
| 32:11 | CNZS_98T · age_up imperial |
| 32:47 | wR.Sebastian · first_building Archery Range |
| 33:00 | wR.ACCM · first_market_buy 100 wood |
| 33:20 | wR.ACCM · first_building Siege Workshop |
| 33:50 | CNZS_98T · first_building Barracks |
| 34:22 | wR.ACCM · first_building Castle |
| 34:27 | wR.ACCM · age_up imperial |
| 34:36 | CNZS_98T · first_building Archery Range |
| 35:09 | wR.ACCM · wall_segment Stone Wall x1 |
| 35:14 | wR.Nicov · wall_segment Stone Wall x1 |
| 35:14 | wR.Nicov · wall_segment Stone Wall x1 |
| 35:16 | wR.Nicov · wall_segment Stone Wall x1 |
| 35:17 | wR.Nicov · wall_segment Stone Wall x1 |
| 35:26 | wR.Nicov · wall_segment Stone Wall x1 |
| 35:29 | wR.Nicov · wall_segment Stone Wall x1 |
| 35:32 | wR.Nicov · wall_segment Stone Wall x1 |
| 35:34 | CNZS_Donghaidi · first_building Castle |
| 35:44 | CNZS_98T · wall_segment Stone Wall x1 |
| 35:45 | CNZS_Donghaidi · first_building Barracks |
| 35:46 | CNZS_98T · wall_segment Stone Wall x1 |
| 35:48 | CNZS_98T · wall_segment Stone Wall x1 |
| 35:50 | CNZS_98T · wall_segment Stone Wall x1 |
| 35:54 | CNZS_98T · wall_segment Stone Wall x1 |
| 36:19 | wR.Nicov · first_building Monastery |
| 36:22 | CNZS_Donghaidi · first_building Archery Range |
| 36:40 | CNZS_98T · wall_segment Palisade Wall x1 |
| 37:53 | CNZS_Donghaidi · first_building Stable |
| 37:59 | CNZS_98T · resign |
[ AI ANALYSIS · 1 CREDIT ]
What really happened in this match?
Wolo.gg analyzes every decision: build order, eco, micro, common mistakes by bracket. Personalized analysis on WhatsApp or Discord in 30 seconds.
Civ guide
Malay
Perfil
Jugador #208393